Map: Abyssal Reef LE

Players

A.I. 1 (Very Hard)

  • Race: Terran Terran
  • Spawn Location: 5:00

A.I. 2 (Very Hard)

  • Race: Terran Terran
  • Spawn Location: 11:00

VOD

Have the link to the VOD?

Description

Time

  • Played on: Aug. 19, 2017, 9:18 p.m.
  • Length: 6:17
Show
View Real Time Build Order
Export as new Build Order

A.I. 1 (Very Hard) Terran 

Build Orders:  

Get SALT Encoding   

  12  0:01  SCV  
  13  0:13  SCV  
  14  0:18  Supply Depot  
  14  0:25  SCV  
  15  0:40  SCV  
  16  0:42  Barracks  
  16  0:52  SCV  
  17  1:04  SCV  
  18  1:16  SCV  
  18  1:17  Supply Depot  
  19  1:23  Refinery  
  19  1:28  SCV  
  19  1:29  Marine  
  21  1:41  SCV  
  22  1:47  Marine  
  22  1:52  Barracks  
  22  1:53  SCV  
  24  1:57  Refinery  
  24  2:05  Marine, Supply Depot, SCV  
  26  2:18  SCV  
  27  2:23  Marine  
  27  2:28  Factory  
  28  2:30  SCV  
  29  2:39  Marine  
  29  2:40  Marine  
  29  2:42  SCV  
  32  2:54  SCV  
  32  2:57  Marine  
  34  2:58  Marine  
  35  3:06  SCV  
  36  3:14  Marine  
  36  3:16  Marine  
  36  3:18  SCV  
  39  3:20  Supply Depot  
  39  3:27  Factory Tech Lab  
  39  3:40  Starport  
  39  3:41  Marine, SCV  
  39  3:44  Marine  
  42  3:53  SCV  
  43  3:59  Marine  
  44  4:06  SCV  
  44  4:07  Barracks Tech Lab  
  44  4:09  Hellion  
  43  4:11  Supply Depot  
  39  4:17  Barracks Tech Lab  
  39  4:18  SCV  
  39  4:24  Viking  
  39  4:25  Marine  
  39  4:30  SCV  
  38  4:35  Marine  
  38  4:42  SCV  
  38  4:43  Marine  
  38  4:53  Marine  
  38  4:54  Orbital Command  
  39  5:01  Marauder  
  41  5:11  Marauder  
  43  5:22  Marine  
  44  5:30  Medivac  
  44  5:33  Barracks, Marauder  
  48  5:36  Supply Depot  
  48  5:40  Marine  
  48  5:42  Command Center  
  49  5:54  Marauder  
  51  5:58  Marine  
  51  6:01  Starport Reactor  
Show
View Real Time Build Order
Export as new Build Order

A.I. 2 (Very Hard) Terran 

Build Orders: MMM Bio 

Get SALT Encoding   

  12  0:00  SCV  
  13  0:13  SCV  
  14  0:18  Supply Depot  
  14  0:25  SCV  
  15  0:40  SCV  
  16  0:43  Barracks  
  16  0:46  Refinery  
  16  0:52  SCV  
  17  1:02  Barracks  
  17  1:04  SCV  
  18  1:16  SCV  
  19  1:30  Marine  
  19  1:32  Orbital Command  
  20  1:40  Barracks  
  20  1:48  Marine x2  
  22  1:57  Supply Depot  
  22  1:59  SCV  
  23  2:06  Barracks Tech Lab  
  23  2:07  Barracks Tech Lab  
  23  2:19  SCV  
  24  2:24  Marine  
  24  2:25  Marine  
  24  2:26  Stimpack  
  24  2:27  Marine  
  24  2:29  Concussive Shells  
  27  2:37  Supply Depot  
  27  2:42  Marine  
  27  2:43  Marine  
  29  2:44  Marine  
  29  2:45  SCV  
  31  3:01  Marauder x2  
  31  3:02  Marine  
  36  3:07  Supply Depot  
  36  3:19  SCV  
  37  3:20  Marine  
  37  3:21  Marine, Combat Shields  
  37  3:26  Supply Depot  
  39  3:29  Marine  
  40  3:38  Marine  
  40  3:40  Marauder  
  43  3:46  Refinery  
  43  3:56  SCV  
  44  4:08  SCV  
  44  4:09  Factory  
  42  4:12  Marine  
  40  4:18  Marine  
  40  4:19  Marine  
  40  4:20  SCV  
  39  4:30  Marine  
  40  4:36  Marine  
  40  4:37  Marine  
  42  4:38  SCV  
  43  4:48  Marauder  
  43  4:54  Marine  
  43  4:55  Marine  
  43  4:56  Starport  
  43  5:03  Command Center  
  43  5:09  Marine  
  43  5:12  Marauder  
  46  5:14  Barracks Reactor  
  46  5:19  Supply Depot  
  46  5:27  Marine  
  47  5:31  Engineering Bay  
  47  5:32  Medivac  
  47  5:33  Marine  
  50  5:45  Marauder  
  52  5:51  Marine  
  53  5:58  Supply Depot  
Tags
 
Composition
MMM Bio
Matchup
TvT
Race
Terran
Spawn Locations
Cross Positions
Add a new tag
Caveats
  • Supply blocks, unpowered buildings, or Contaminate may cause inaccurate times.
  • Supply counts are checked every 10 seconds.